 Dungeon Crawl Stone Soup version 0.21.1-1-g345015f (webtiles) character file.

170 nicolaieve the Conjurer (level 5, -2/41 HPs)
             Began as a Draconian Conjurer on June 4, 2018.
             Killed by nerve-wracking pain
             ... invoked by Grinder
              (5 damage)
             ... on level 4 of the Dungeon.
             The game lasted 00:35:08 (3667 turns).

nicolaieve the Conjurer (Draconian Conjurer)        Turns: 3667, Time: 00:35:08

Health: -2/41      AC:  5    Str: 10    XL:     5   Next: 25%
Magic:  9/9        EV: 12    Int: 16    God:
Gold:   183        SH:  0    Dex: 12    Spells: 3/9 levels left

rFire    . . .     SeeInvis .   j - +0 spear
rCold    . . .     Gourm    .   (no shield)
rNeg     . . .     Faith    .   (armour unavailable)
rPois    .         Spirit   .   (helmet restricted)
rElec    .         Reflect  .   (no cloak)
rCorr    .         Harm     .   (no gloves)
MR       +....                  (no boots)
Stlth    +++.......             (no amulet)
HPRegen  0.13/turn              w - ring of stealth
MPRegen  0.11/turn              D - ring of protection from magic

@: no status effects
A: unfitting armour, cold-blooded, AC +5
a: no special abilities


You were on level 4 of the Dungeon.
You were not hungry.

You visited 1 branch of the dungeon, and saw 4 of its levels.

You collected 183 gold pieces.

Inventory:

Hand Weapons
 e - a +0 hunting sling
 h - a +0 short sword
 i - a cursed -2 club
 j - a +0 spear (weapon)
 y - a +0 whip
Missiles
 o - 27 arrows
Armour
 c - a +0 leather armour
 l - a +0 ring mail
 s - a +0 ring mail
 x - a +0 robe
Jewellery
 w - a ring of stealth (left hand)
 D - a ring of protection from magic (right hand)
Wands
 r - a wand of random effects (22)
Scrolls
 k - a scroll of immolation {unknown}
 n - a scroll of enchant weapon {unknown}
 p - 3 scrolls of identify {unknown}
 q - a scroll of magic mapping {unknown}
 t - a scroll of random uselessness {unknown}
 A - a scroll of fear {unknown}
Potions
 d - a potion of flight {unknown}
 f - a potion of might {unknown}
 g - a potion of ambrosia {unknown}
 m - 3 potions of curing {unknown}
 u - a potion of berserk rage {unknown}
 v - a potion of heal wounds {unknown}
 z - a potion of mutation {unknown}
 B - a potion of cancellation {unknown}
Books
 a - a book of Conjurations

   Spells                             Type                      Level
   a - Magic Dart                     Conjuration                  1
   b - Searing Ray                    Conjuration                  2
   c - Dazzling Spray                 Conjuration/Hexes            3
   d - Fulminant Prism                Conjuration/Hexes            4
   e - Force Lance                    Conjuration/Translocation    4
   f - Iskenderun's Mystic Blast      Conjuration                  4
Comestibles
 b - 5 rations


   Skills:
 * Level 2.1 Fighting
 + Level 2.4 Dodging
 + Level 2.5 Stealth
 + Level 2.7 Spellcasting
 + Level 5.0 Conjurations


You had 3 spell levels left.
You knew the following spells:

 Your Spells              Type           Power        Failure   Level  Hunger
a - Magic Dart            Conj           ###.         2%          1    #......
b - Searing Ray           Conj           ###...       3%          2    ##.....
c - Dazzling Spray        Conj/Hex       ##....       21%         3    ###....


Dungeon Overview and Level Annotations

Branches:
Dungeon (4/15)
 Temple: D:4-7

Altars:

Annotations:
D:4 Grinder


Innate Abilities, Weirdness & Mutations

Your plain brown scales are hard. (AC +5)
You cannot fit into any form of body armour.
You are cold-blooded and may be slowed by cold attacks.


Message History

Grinder is lightly wounded.
Grinder hits you.
You writhe in agony.
An iguana comes into view.
The iguana hisses angrily.
You hit Grinder but do no damage.
Grinder is lightly wounded.
Grinder hits you.
You barely miss Grinder.
Grinder is lightly wounded.
Grinder blinks!
Grinder gestures at you. Pain shoots through your body!
There is an open door here.
Grinder hits you!
* * * LOW HITPOINT WARNING * * *
You writhe in agony.
* * * LOW HITPOINT WARNING * * *
Grinder gestures at you. Pain shoots through your body!
You die...

#..##.# #...#. ....
# .l. ... #.#
#)..###<# #.....?.#
#..####'## ##..@##
##.5...## ##
##.......## ##.##
#.........####...##
+.........'.......#
#.........####<..##
##.......## ##.##
##.....## ##
##...##


You could see Grinder and an iguana.

Vanquished Creatures
  An orc priest (D:3)
  3 gnolls
  2 adders (D:2)
  An ooze (D:2)
  2 worms (D:2)
  4 dart slugs
  5 leopard geckos
  4 orcs (D:3)
  4 giant cockroaches
  6 goblins
  6 hobgoblins
  6 jackals
  4 bats
  5 frilled lizards
  10 kobolds
  9 rats
72 creatures vanquished.

Notes
Turn   | Place    | Note
-------+----------+-------------------------------------------
     0 | D:1      | nicolaieve the Draconian Conjurer began the quest for the Orb.
     0 | D:1      | Reached XP level 1. HP: 14/14 MP: 3/3
   438 | D:1      | Reached XP level 2. HP: 20/20 MP: 1/5
   479 | D:1      | Learned a level 2 spell: Searing Ray
  1052 | D:2      | Reached XP level 3. HP: 22/27 MP: 6/6
  1403 | D:2      | Reached skill level 1 in Fighting
  1999 | D:2      | Reached XP level 4. HP: 31/35 MP: 7/7
  2024 | D:3      | Learned a level 3 spell: Dazzling Spray
  2455 | D:3      | Found a faded altar of an unknown god.
  2641 | D:3      | Reached skill level 5 in Conjurations
  2709 | D:3      | Reached XP level 5. HP: 34/41 MP: 4/8
  3656 | D:4      | Noticed Grinder
  3667 | D:4      | Killed from afar by Grinder

Skill      XL: |  1  2  3  4 |
---------------+-------------+-----
Stealth        | 2 |  2.5
Fighting       | 1 2 |  2.1
Dodging        | 2 |  2.4
Conjurations   | 5 |  5.0
Spellcasting   | |  2.7

Action                   |  1- 3 |  4- 6 || total
-------------------------+-------+-------++-------
Melee: Spear             |    89 |    50 ||   139
       Tailslap          |    10 |     8 ||    18
       Short sword       |     1 |       ||     1
 Cast: Magic Dart        |    49 |    62 ||   111
       Searing Ray       |     2 |     3 ||     5
 Stab: Sleeping          |     1 |     4 ||     5
  Eat: Chunk             |     4 |     6 ||    10
Armor: Skin              |    30 |    16 ||    46
Dodge: Dodged            |    75 |    23 ||    98
